[Event "Championnat d'Europe Rapide"]
[Date "2024.12.07"]
[White "Pancevski, Filip"]
[Black "Narva, Triin"]
[WhiteElo "2420"]
[BlackElo "2064"]
[Round "4.51"]
[Result "1-0"]
[TimeControl "900+10"]

1. e4 c5 2.
Nf3 d6 3. Bb5+ Bd7 4. Bxd7+ Qxd7 5. c4 Nf6 6. Nc3 Nc6 7. d4 cxd4 8. Nxd4 g6 9. f3 Bg7 10. Nde2 h5 11. Bg5 Nh7 12. Be3 b6 13. O-O h4 14. h3 Nf6 15. Bg5 Rh5 16. Qd2 Rc8 17. b3 Nd8 18. Be3 Ne6 19. Rac1 Qb7 20. Rfd1 Nd7 21. Nd5 Ne5 22. Rf1 Nc5 23. Rcd1 a5 24. Nec3 Ned7 25. Nb5 Qb8 26. Bg5 f6 27. Bf4 Ne5 28. Be3 Ned7 29. Nf4 Rg5 30. Qe1 Kf7 31. Bf2 Rh8 32. Kh1 Re5 33. Nd5 Reh5 34. Bg1 g5 35. Ne3 Ne5 36. Nf5 Ncd3 37. Qe3 Nc5 38. Bh2 Bf8 39. Qe2 R8h7 40. Rd2 Kg6 41. Qd1 Rf7 42. Qc2 Qa8 43. a3 Ne6 44. Rdd1 Kh7 45. Nc3 Ng6 46. Nd5 Qb7 47. b4 axb4 48. axb4 Nd8 49. Nc3 Nc6 50. Qb1 Nce5 51. Qb3 Qc8 52. Ne3 e6 53. Nb5 Rd7 54. Rd2 Nf4 55. Rfd1 Nf7 56. Ng4 Kg7 57. Nd4 Rc7 58. Bxf4 gxf4 59. c5 d5 60. exd5 exd5 61. c6 Ne5 62. Qxd5 Kg6 63. Qe4+ Kg7 64. Qd5 Kg6 65. Ne6 Rxc6 66. Nxf4+ Kg5 67. Nxe5 fxe5 68. Qxe5+ Qf5 69. Qxf5+ 1-0

[Site "Europe Echecs"]

[Event "Championnat d'Europe Rapide"]
[Date "2024.12.07"]
[White "Narva, Mai"]
[Black "Sutbas, Batuhan"]
[WhiteElo "2413"]
[BlackElo "1885"]
[Round "4.52"]
[Result "1-0"]
[TimeControl "900+10"]

1. e4 e5 2.
Nf3 Nc6 3.
Bb5 a6 4.
Ba4 Nf6 5.
O-O b5 6.
Bb3 Be7 7.
d4 d6 8. c3 O-O 9. h3 Bb7 10. Nbd2 h6 11. Re1 Re8 12. Nf1 Bf8 13. Ng3 Na5 14. Bc2 c5 15. d5 Bc8 16. Nd2 Ra7 17. b4 cxb4 18.
cxb4 Nc4 19.
Nxc4 bxc4 20. Be3 Rb7 21. Qd2 Bd7 22. a4 Qb8 23. Rab1 Rc8 24. Qc3 Be7 25. Rec1 Bd8 26. Nf1 g5 27. Nd2 Nh5 28. Bd1 Nf4 29. Bxf4 gxf4 30. Nxc4 Rbc7 31. Qd3 Bb5 32. axb5 axb5 33. Bg4 bxc4 34. Qe2 Bg5 35. Bxc8 f3 36. Qxf3 Bxc1 37. Rxc1 Rxc8 38. Rc3 Kf8 39. Qf5 Ke8 40. Rf3 Qc7 41. Qh7 Qe7 42. Qg8+ Qf8 43. Qg4 Kd8 44. Rc3 Qe7 45. Qe2 Qc7 46. Qh5 Qa7 47. Rg3 Kc7 48. Qxf7+ Kb6 49. Qe6 Rd8 50. Qxh6 Qa1+ 51. Kh2 Kb5 52. Qf6 Qa8 53. Rg7 c3 54. Rc7 Kxb4 55. Qf3 Qa1 56. Rb7+ Kc4 57. Qe2+ [Site "Europe Echecs"]

[Event "Championnat d'Europe Rapide"]
[Date "2024.12.07"]
[White "Pipiras, Filipa Fortuna"]
[Black "Tsolakidou, Stavroula"]
[WhiteElo "2178"]
[BlackElo "2451"]
[Round "4.53"]
[Result "0-1"]
[TimeControl "900+10"]

1. d4 Nf6 2.
c4 g6 3. Nc3 Bg7 4. e4 d6 5. Be2 O-O 6. Be3 Na6 7. h4 h5 8. Nf3 Ng4 9. Bg5 c6 10. Qd2 Nc7 11. Bf4 e5 12. Bg3 Ne6 13. d5 Nd4 14. Nxd4 exd4 15. Nd1 c5 16. O-O Bf6 17. f3 Ne5 18. f4 Ng4 19. Bxg4 Bxg4 20. Nf2 Bxh4 21. Bh2 a6 22. e5 Bf5 23. Rae1 b5 24. b3 bxc4 25. bxc4 Rb8 26. g3 Be7 27. Ne4 Rb4 28. Qc1 Kg7 29. Rf2 Qb6 30. Rfe2 Rb8 31. Kg2 Rb2 32. Bg1 Bxe4+ 33. Kh3 Bf5+ 34. Kh2 d3 35. Rd2 Rxd2+ 36. Qxd2 Qb2 37. Qf2 Qxf2+ 38. Bxf2 Rb2 39. Kg1 d2 40. Rd1 Rb1 0-1

[Site "Europe Echecs"]

[Event "Championnat d'Europe Rapide"]
[Date "2024.12.07"]
[White "Diermair, Andreas"]
[Black "Mohammad, Fahim"]
[WhiteElo "2433"]
[BlackElo "2196"]
[Round "4.54"]
[Result "1-0"]
[TimeControl "900+10"]

1. d4 Nf6 2.
Nf3 g6 3. g3 Bg7 4. Bg2 O-O 5. O-O c5 6. dxc5 Na6 7. Be3 Qc7 8. Nc3 Nxc5 9. Nb5 Qb6 10. c4 Ng4 11. Bd4 e5 12. Bxc5 Qxc5 13. Nd6 e4 14. Nxe4 Qxc4 15. Nd6 Qa6 16. Ng5 Ne5 17. Rc1 h6 18. Ngxf7 Rxf7 19. Qd5 Bf8 20. Nxc8 Qf6 21. Qxb7 Rxc8 22.
Rxc8 Kh7 23.
Bd5 Re7 24.
Qxa7 h5 25.
Qa8 Bg7 26.
Re8 Qd6 27.
Rxe7 Qxe7 28. a4 Ng4 29. Bf3 Nf6 30. a5 g5 31. a6 g4 32. Bg2 1-0

[Site "Europe Echecs"]

[Event "Championnat d'Europe Rapide"]
[Date "2024.12.07"]
[White "Lagarde, Maxime"]
[Black "Navara, David"]
[WhiteElo "2600"]
[BlackElo "2665"]
[Round "5.1"]
[Result "1/2-1/2"]
[TimeControl "900+10"]

1. c4 Nf6 2. Nf3 Nc6 3. Nc3 e5 4. d3 Bb4 5. Bd2 O-O 6. e3 Re8 7. Be2 d6 8. O-O Bg4 9. h3 Bh5 10. a3 Bxc3 11. Bxc3 e4 12. Nd2 Bxe2 13. Qxe2 exd3 14. Qxd3 Qe7 15. e4 Nd7 16. Qg3 f6 17. Rae1 Qf7 18. Re3 a5 19. f4 Nc5 20. e5 f5 21. exd6 cxd6 22. Rfe1 Rxe3 23. Qxe3 Na4 24. Bd4 Rd8 25. Nf3 h6 26. b3 Nxd4 27. Nxd4 Nc5 28. Qe7 Rd7 29. Qxf7+ Kxf7 30. b4 axb4 31. axb4 Nd3 32. Re3 Nxb4 33. Nxf5 Nc6 34. Rd3 Ke6 35. g4 g5 36. Re3+ Kf6 37. Rd3 Ke6 38. Re3+ Kf6 39. Re4 h5 40. fxg5+ Kxg5 41. Ne3 Ne5 42. Kg2 hxg4 43. Nxg4 Nxg4 44. hxg4 Rc7 45. Kf3 Rc5 46. Rd4 b5 47. cxb5 Rxb5 48.
Rxd6 Rb3+ 49. Ke2 Kxg4 50. Rd3 Rxd3 51. Kxd3 1/2-1/2

[Site "Europe Echecs"]

[Event "Championnat d'Europe Rapide"]
[Date "2024.12.07"]
[White "Van Foreest, Jorden"]
[Black "Fridman, Daniel"]
[WhiteElo "2677"]
[BlackElo "2571"]
[Round "5.2"]
[Result "1-0"]
[TimeControl "900+10"]

1. e4 e6 2. d4 d5 3. Nc3 Nf6 4. e5 Nfd7 5. f4 c5 6. Nf3 Nc6 7. Be3 cxd4 8. Nxd4 Qb6 9. Qd2 Qxb2 10. Rb1 Qa3 11. Bb5 Nxd4 12.
Bxd4 a6 13.
Rb3 Qe7 14.
Ba4 Qh4+ 15.
g3 Qh3 16.
Bb5 axb5 17.
Nxb5 Ra4 18.
Rc3 Bb4 19.
Rxc8+ Ke7 20. Bc3 Bxc3 21. Rxc3 Rb4 22. Rb3 Re4+ 23. Kf2 Nc5 24. Nd6 Rd8 25. Qa5 Re2+ 26. Kxe2 Qg2+ 27. Ke3 Qxh1 28. Nf5+ exf5 29. Qxc5+ Ke8 30. Kd2 d4 31. Qb5+ Rd7 32. h4 Qg2+ 33. Kc1 Qe4 34. Ra3 f6 35. Kb2 Qc6 36. Ra8+ Kf7 37. Qb4 Rc7 38. Qb3+ Kg6 39. Rd8 Qc3+ 40. Qxc3 dxc3+ 41. Kb3 fxe5 42. fxe5 Re7 43. Rd5 Kh5 44. e6 Kg4 45. Rd7 Rxe6 46. Rxg7+ Rg6 47. Rxh7 Kxg3 48. h5 Rb6+ 49. Kxc3 f4 50. h6 Kf3 51. a4 Re6 52. a5 Ke3 53. Rxb7 Rc6+ 54. Kb4 Rxh6 55. Re7+ Kd4 56. Rf7 Ke5 57. c4 Rh1 58. a6 Ra1 59. Kb5 Kd6 60. c5+ Kd5 61. Rxf4 1-0

[Site "Europe Echecs"]

[Event "Championnat d'Europe Rapide"]
[Date "2024.12.07"]
[White "Georgiev, Kiril"]
[Black "Jobava, Baadur"]
[WhiteElo "2537"]
[BlackElo "2578"]
[Round "5.3"]
[Result "1/2-1/2"]
[TimeControl "900+10"]

1. Nf3 d5 2.
e3 c5 3. b3 Nc6 4. Bb5 f6 5. Nc3 e5 6. Ba3 Qa5 7. Bxc6+ bxc6 8. Na4 Ba6 9. c4 dxc4 10. Qc2 cxb3 11.
axb3 Qb5 12.
Qc4 Qxc4 13.
bxc4 e4 14.
Nxc5 Bxc5 15. Bxc5 Bxc4 16. Nd4 Nh6 17. f3 Nf7 18. Kf2 Ne5 19. Kg3 h5 20. h4 Bd3 21. Rxa7 Rxa7 22. Bxa7 Kd7 23. Nb3 Kd6 24. Rc1 g5 25. Nd4 gxh4+ 26. Kxh4 Rg8 27. Kh3 exf3 28. gxf3 Nc4 29. Rc3 Bf1+ 30. Kh4 Ra8 31. Nf5+ Ke5 32. Ng3 Nxd2 33. Bd4+ Kd5 34. Rc5+ Kd6 35. Nxf1 Nxf3+ 36. Kg3 Nxd4 37. exd4 Ra4 38. Rxh5 Rxd4 39. Ne3 Kc7 40. Rh6 f5 41. Nxf5 Rd1 42. Kf4 Rf1+ 43. Ke4 Re1+ 44. Ne3 Ra1 45. Nc4 Re1+ 46. Kd4 Rd1+ 47. Kc3 c5 48. Ne5 Rd5 49. Nd3 c4 50. Nb4 Rg5 51. Kxc4 Kd7 52. Nd5 Rg1 53. Kd4 Rd1+ 54. Ke4 Re1+ 55. Ne3 Kc7 56. Kd4 Ra1 57. Nc4 Rg1 58. Rh7+ Kc6 59. Ne5+ Kd6 60. Rh6+ Ke7 61. Ra6 Rd1+ 62. Ke4 Re1+ 63. Kf4 Rf1+ 64. Nf3 Kd7 65. Ke4 Kc7 66. Nd4 Rh1 67. Rg6 Rh5 68. Ne6+ Kd7 69. Ng5 Rh1 70. Ke5 Rg1 71. Rd6+ Ke7 72. Ne4 Re1 73. Rd4 Rh1 74. Ra4 Rh5+ 75. Kd4 Rh4 76. Ra6 Kd7 77. Rb6 Kc7 78. Rg6 Rh1 79. Nc3 Kd7 80. Ne4 Kc7 81. Nf6 Rd1+ 82. Ke5 Re1+ 83. Ne4 Rh1 1/2-1/2

[Site "Europe Echecs"]

[Event "Championnat d'Europe Rapide"]
[Date "2024.12.07"]
[White "Kalezic, Blazo"]
[Black "Safarli, Eltaj"]
[WhiteElo "2382"]
[BlackElo "2610"]
[Round "5.4"]
[Result "0-1"]
[TimeControl "900+10"]

1. e4 c5 2.
Nf3 Nc6 3.
Nc3 e6 4. d4 cxd4 5. Nxd4 Bc5 6. Nb3 Bb6 7. Qe2 Nge7 8. Be3 d5 9. Bxb6 axb6 10. g3 d4 11. Nb5 O-O 12. Bg2 e5 13. O-O Be6 14. f4 Ra4 15. Na3 exf4 16.
gxf4 f5 17.
Rad1 Qe8 18.
Rd3 fxe4 19.
Bxe4 Qf7 20.
Qf2 Bf5 21.
Re1 Bxe4 22.
Rxe4 Nf5 23.
c3 Ne3 24.
Qg3 Raa8 25.
cxd4 Nf5 26.
Qg2 Rad8 27.
Nc2 Rd6 28.
Qe2 Rg6+ 29.
Kh1 Qd5 30.
Rf3 Nh4 31.
Rf2 Re8 32.
Nd2 Rge6 33.
Ne3 Rxe4 0-1

[Site "Europe Echecs"]

[Event "Championnat d'Europe Rapide"]
[Date "2024.12.07"]
[White "Kilic, Eray"]
[Black "Pultinevicius, Paulius"]
[WhiteElo "2459"]
[BlackElo "2579"]
[Round "5.5"]
[Result "1/2-1/2"]
[TimeControl "900+10"]

1. e4 c5 2. Nf3 e6 3. d4 cxd4 4. Nxd4 Nc6 5. Nc3 d6 6. Bb5 Bd7 7. O-O Nf6 8. Bg5 Be7 9. Bxc6 bxc6 10. Nb3 Qc7 11. Qd3 h6 12. Bh4 g5 13. Bg3 e5 14. Rad1 Nh7 15. Qe2 Nf8 16. Na4 h5 17. f3 Ne6 18. c4 h4 19. Bf2 Nf4 20. Qd2 Be6 21. c5 d5 22. exd5 cxd5 23. Rfe1 f6 24. Be3 h3 25. Nd4 Bf7 26. Bxf4 gxf4 27. Nf5 Bxc5+ 28. Kh1 hxg2+ 29. Qxg2 Bf8 30. Nc3 Qd7 31. Nd4 Qh3 32. Qe2 Rc8 33. Qb5+ Qd7 34. Qd3 Bb4 35. Re2 Kf8 36. Nc2 Bxc3 37. bxc3 Rh3 38. Rg1 Qe6 39. Nd4 Qd7 40.
c4 Rxc4 41.
Nf5 Qc7 42.
Reg2 e4 43.
Qa3+ Qc5 44. Qa6 Qb6 45. Qa3+ Qc5 46. Qb2 Qb6 47. Qa3+ Qc5 48. Qb2 Qb6 1/2-1/2

[Site "Europe Echecs"]

[Event "Championnat d'Europe Rapide"]
[Date "2024.12.07"]
[White "Sargissian, Gabriel"]
[Black "Magold, Filip"]
[WhiteElo "2628"]
[BlackElo "2428"]
[Round "5.6"]
[Result "1/2-1/2"]
[TimeControl "900+10"]

1. Nf3 d5 2.
g3 Nf6 3.
Bg2 c6 4.
O-O Bg4 5.
h3 Bxf3 6.
exf3 h5 7.
d4 e6 8. Re1 Bd6 9. h4 Nbd7 10. a4 Qc7 11. f4 g6 12. Nd2 O-O 13. Nf3 c5 14. c3 a6 15. a5 Rfe8 16.
dxc5 Bxc5 17. Nd4 Ng4 18. Bf3 Ndf6 19. Kg2 Rad8 20. Re2 Nh6 21. Nb3 Ba7 22. Be3 Bxe3 23. Rxe3 Nf5 24. Re2 Qc4 25. Rd2 Ne4 26. Bxe4 Qxe4+ 27. Qf3 Qc4 28. Nd4 Nd6 29. Qd1 Ne4 30. Re2 Rb8 31. Qa4 Rec8 32. Qxc4 Rxc4 33. Ra3 b5 34. axb6 Rxb6 35. Nf3 Nc5 36. Ne5 Ra4 37. Rxa4 Nxa4 38. Nd3 Rb3 39. Rd2 a5 40. Kf1 Nb6 41. Nc1 Rb5 42. b3 Nd7 43. Ra2 Nc5 44. Ke2 Nxb3 45. Nxb3 Rxb3 46. Rxa5 Rxc3 47. Ra7 Rc2+ 48. Ke3 Kg7 49. Rb7 Kf6 50. Rd7 Ra2 51. Kf3 Ra3+ 52. Ke2 Ra4 53. Ke3 Ra8 54. Rb7 Re8 55. Kf3 Re7 56. Rb3 Rd7 57. Re3 d4 58. Re1 Kf5 59. Re5+ Kf6 60. Re1 d3 61. Ke3 Kf5 62. f3 Ra7 63. Kxd3 Ra2 64. Re5+ Kf6 65. g4 hxg4 66. fxg4 Ra3+ 67. Ke2 Rh3 68. h5 gxh5 69.
gxh5 Ke7 70.
Rg5 f6 71.
Rg7+ Kf8 72.
Rh7 Kg8 73.
Re7 Rxh5 74.
Rxe6 1/2-1/2

[Site "Europe Echecs"]

[Event "Championnat d'Europe Rapide"]
[Date "2024.12.07"]
[White "Deac, Bogdan-Daniel"]
[Black "Popovic, Milos T"]
[WhiteElo "2696"]
[BlackElo "2334"]
[Round "5.7"]
[Result "1-0"]
[TimeControl "900+10"]

1. Nf3 Nf6 2. c4 e6 3. g3 b6 4. Bg2 Bb7 5. b3 Be7 6. Bb2 O-O 7. O-O c5 8. e3 d5 9. Qe2 dxc4 10. bxc4 Nc6 11. Nc3 Nb4 12. Ne1 Bxg2 13.
Kxg2 Qd7 14.
a3 Nc6 15.
f4 Rad8 16.
Rd1 Rfe8 17.
Nf3 Qd3 18.
Qxd3 Rxd3 19. Kf2 Red8 20. Ke2 R3d7 21. d3 Ne8 22. g4 Bf6 23. g5 Bxc3 24. Bxc3 Nd6 25. Rd2 g6 26. Rb1 Rb8 27. a4 a6 28. Ne5 Nxe5 29. Bxe5 Rbd8 30. Rbb2 Rb7 31. Rb3 Nc8 32. a5 b5 33. cxb5 axb5 34. Rc2 Ne7 35. Rxc5 b4 36. e4 Rc8 37. Rxc8+ Nxc8 38. Bc3 Ra7 39. Bxb4 Rb7 40. Rb2 Na7 41. Bc3 Rxb2+ 42. Bxb2 Kf8 43. a6 Ke8 44. Bd4 Nb5 45.
a7 1-0

[Site "Europe Echecs"]

[Event "Championnat d'Europe Rapide"]
[Date "2024.12.07"]
[White "Motylev, Alexander"]
[Black "Kazakouski, Valery"]
[WhiteElo "2596"]
[BlackElo "2567"]
[Round "5.8"]
[Result "1/2-1/2"]
[TimeControl "900+10"]

1. e4 e5 2.
Nf3 Nc6 3.
d4 exd4 4.
Nxd4 Qf6 5.
Nf3 Bb4+ 6.
c3 Bc5 7.
Be2 h6 8.
O-O Nge7 9.
b4 Bb6 10.
a4 a6 11.
Na3 O-O 12.
Nc4 d5 13.
exd5 Rd8 14.
d6 Be6 15.
Bd2 Nf5 16.
a5 Bxc4 17.
Bxc4 Nxd6 18. Bd3 Ba7 19. Qc2 Re8 20. Rae1 Ne5 21. Nxe5 Rxe5 22. Rxe5 Qxe5 23. Re1 Qf6 24. Bc1 1/2-1/2

[Site "Europe Echecs"]

[Event "Championnat d'Europe Rapide"]
[Date "2024.12.07"]
[White "Ragger, Markus"]
[Black "Baidetskyi, Valentin"]
[WhiteElo "2577"]
[BlackElo "2519"]
[Round "5.9"]
[Result "1/2-1/2"]
[TimeControl "900+10"]

1. d4 Nf6 2.
c4 e6 3. Nf3 Bb4+ 4. Bd2 a5 5. g3 d6 6. Bg2 Nbd7 7. O-O e5 8. dxe5 dxe5 9. Nc3 O-O 10. a3 Be7 11. Qc2 c6 12. Rfd1 Qc7 13. Na4 b6 14. b4 axb4 15. axb4 Re8 16. c5 bxc5 17. Nxc5 Rxa1 18. Rxa1 Nxc5 19.
bxc5 Bf8 20.
Ng5 h6 21.
Ne4 Nd5 22.
Qa4 Be6 23.
Rc1 Rb8 24.
Qa3 1/2-1/2

[Site "Europe Echecs"]

[Event "Championnat d'Europe Rapide"]
[Date "2024.12.07"]
[White "Korobov, Anton"]
[Black "Beerdsen, Thomas"]
[WhiteElo "2629"]
[BlackElo "2502"]
[Round "5.10"]
[Result "1-0"]
[TimeControl "900+10"]

1. c4 e5 2.
d3 Nf6 3.
Nf3 Nc6 4. a3 d5 5. cxd5 Nxd5 6. e3 g5 7. b4 Bg7 8. Bb2 g4 9. Nfd2 h5 10. Be2 Be6 11. O-O Qg5 12. Nc3 Nxc3 13. Bxc3 O-O-O 14.
Ne4 Qg6 15.
Nc5 Kb8 16.
Rb1 Ne7 17.
b5 Nd5 18.
Bd2 Bc8 19.
Qc2 f5 20.
Rfc1 Bf8 21.
a4 Bd6 22.
a5 g3 23.
fxg3 h4 24.
Bf3 e4 25.
dxe4 fxe4 26. Qxe4 Qxe4 27. Nxe4 hxg3 28. hxg3 Ba3 29. Rc4 Bf5 30. Rb3 Bf8 31. Ng5 Bg6 32. e4 Nf6 33. Bf4 Ne8 34. b6 1-0

[Site "Europe Echecs"]

[Event "Championnat d'Europe Rapide"]
[Date "2024.12.07"]
[White "Livaic, Leon"]
[Black "Saric, Ante"]
[WhiteElo "2560"]
[BlackElo "2482"]
[Round "5.11"]
[Result "0-1"]
[TimeControl "900+10"]

1. d4 Nf6 2.
c4 e6 3. g3 d5 4. Bg2 Bb4+ 5. Nd2 O-O 6. Ngf3 b6 7. O-O Bb7 8. a3 Be7 9. cxd5 Bxd5 10. Qc2 c5 11. dxc5 bxc5 12. Rd1 Nbd7 13. e4 Bb7 14. b3 Qc7 15. Bb2 Rad8 16. Re1 h6 17. Bc3 Qb8 18. Nc4 Nb6 19. Nfe5 Nxc4 20. Nxc4 Ba6 21. Be5 Qc8 22. Rad1 Bxc4 23. Qxc4 Nd7 24. Bb2 Bf6 25. Bxf6 gxf6 26. Rc1 Ne5 27. Qe2 Nd3 28. Qg4+ Kh7 29. Qh4 Rd4 30. Qxf6 Qd8 31. Qf3 Nxc1 32.
Rxc1 Rd3 33. Qe2 Rd2 34. Qa6 Qd4 35. Rf1 c4 36. bxc4 Rb8 37. e5 Rb1 0-1

[Site "Europe Echecs"]

[Event "Championnat d'Europe Rapide"]
[Date "2024.12.07"]
[White "Horvath, Dominik"]
[Black "Kadric, Denis"]
[WhiteElo "2542"]
[BlackElo "2544"]
[Round "5.12"]
[Result "1-0"]
[TimeControl "900+10"]

1. g3 d6 2.
Bg2 e5 3. d4 Nd7 4. e4 Ngf6 5. Ne2 g6 6. O-O Bg7 7. Nbc3 O-O 8. h3 c6 9. a4 b6 10. Be3 a6 11. f4 Qc7 12. g4 exd4 13. Bxd4 Bb7 14. g5 Ne8 15. f5 Be5 16. Nf4 b5 17. Be3 Nb6 18. Qd3 b4 19. a5 Nd7 20. Na4 c5 21. Nd5 Qd8 22. c3 Bxd5 23. Qxd5 Nc7 24. Qc4 bxc3 25. bxc3 Nb5 26. h4 Bg3 27. Nb6 Ne5 28. Qb3 Rb8 29. c4 Na7 30. h5 Bh4 31. hxg6 Bxg5 32. gxh7+ Kh8 33. f6 Bxf6 34. Rad1 Ng4 35. Bf4 Nc6 36. Qg3 Nge5 37. Bh6 Re8 38. Nd5 Kxh7 39. Rxf6 Rg8 40. Qh3 1-0

[Site "Europe Echecs"]

[Event "Championnat d'Europe Rapide"]
[Date "2024.12.07"]
[White "Cvitan, Ognjen"]
[Black "Subelj, Jan"]
[WhiteElo "2413"]
[BlackElo "2526"]
[Round "5.13"]
[Result "1-0"]
[TimeControl "900+10"]

1. d4 Nf6 2.
c4 e6 3. Nc3 Bb4 4. e3 O-O 5. Bd3 Re8 6. Bd2 Bf8 7. Nf3 d6 8. Qc2 e5 9. O-O Bg4 10. dxe5 dxe5 11. Ng5 h6 12. Bh7+ 1-0

[Site "Europe Echecs"]

[Event "Championnat d'Europe Rapide"]
[Date "2024.12.07"]
[White "Dobrikov, Marco"]
[Black "Boyer, Mahel"]
[WhiteElo "2407"]
[BlackElo "2526"]
[Round "5.14"]
[Result "0-1"]
[TimeControl "900+10"]

1. d4 g6 2.
c4 Bg7 3.
Nc3 d6 4.
Nf3 c5 5.
dxc5 dxc5 6.
Qxd8+ Kxd8 7. Be3 Bxc3+ 8. bxc3 b6 9. g3 Bb7 10. Bg2 Nd7 11. O-O Ke8 12. a4 a5 13. Rab1 Ngf6 14. Bf4 Rc8 15. Rb2 Bc6 16. Ra1 Ne4 17. Ne5 Nxe5 18. Bxe5 f6 19. Bf4 Nxc3 20. Bxc6+ Rxc6 21. f3 g5 22. Be3 Rd6 23. Rc2 Nd1 24. Bd2 Rxd2 25. Rxd2 Ne3 26. Rc1 Kf7 27. Rd7 Rc8 28. g4 f5 29. gxf5 Nxf5 30. Rb7 Nd4 31. Kf2 Rc6 32. Rb1 Rh6 33. Kg2 Nxe2 34. R1xb6 Rh4 35. Rb2 Nf4+ 36. Kf1 Rh3 37. Rf2 Kf6 38. Rb5 Nd3 39. Rd2 Rxf3+ 40.
Kg2 g4 41.
Rd1 e5 42.
Rxa5 e4 43.
Ra8 Nf4+ 44.
Kg1 Nh3+ 45.
Kg2 Nf4+ 46.
Kg1 e3 47. Re8 h5 48. Re1 e2 49. a5 h4 50. Rf8+ Ke5 51. Re8+ Kd4 52. R8xe2 Nxe2+ 53.
Rxe2 Ra3 54. Rf2 Ke3 55. Rf5 Ra1+ 56. Kg2 Ra2+ 57. Kg1 h3 58. Re5+ Kd4 59. Rg5 Rg2+ 60. Kf1 Kxc4 61. a6 Kb5 62. a7 Ra2 63. Rxg4 Rxa7 64. Rh4 Ra3 65. Kf2 c4 66. Ke2 Ra2+ 67. Ke3 Rxh2 68. Rh8 Ra2 69. Kd4 Rd2+ 70. Kc3 Rd3+ 71. Kc2 Rg3 72. Rh7 Kc5 73. Rh8 Kd4 74. Rh4+ Kc5 75. Rh8 Kd4 76. Rh4+ Ke3 77. Rxc4 Kf2 78. Kd1 h2 79. Rc2+ Kg1 0-1

[Site "Europe Echecs"]

[Event "Championnat d'Europe Rapide"]
[Date "2024.12.07"]
[White "Fedoseev, Vladimir"]
[Black "Uruci, Endrit"]
[WhiteElo "2709"]
[BlackElo "2328"]
[Round "5.15"]
[Result "1-0"]
[TimeControl "900+10"]

1. e4 c5 2.
Nf3 Nc6 3.
Bb5 g6 4.
O-O Bg7 5.
Re1 Nf6 6. h3 O-O 7. d3 Na5 8. e5 Ne8 9. d4 cxd4 10. Qxd4 a6 11. Bd3 d6 12. Qh4 dxe5 13.
Nxe5 Nd6 14.
Bg5 Bf6 15.
Nf3 Nf5 16.
Bxf5 Bxf5 17. Nc3 Bxc3 18. Bxe7 Qc7 19. bxc3 Rfe8 20. g4 Bxc2 21. Rac1 Bd3 22. Rcd1 Bc2 23. Rd2 Qxc3 24. Re3 Qa1+ 25. Kh2 Rxe7 26. Qxe7 Ba4 27. Rd8+ Rxd8 28. Qxd8+ Kg7 29. Qxa5 1-0

[Site "Europe Echecs"]

[Event "Championnat d'Europe Rapide"]
[Date "2024.12.07"]
[White "Arnaudov, G. Petar"]
[Black "Santos Latasa, Jaime"]
[WhiteElo "2401"]
[BlackElo "2628"]
[Round "5.16"]
[Result "0-1"]
[TimeControl "900+10"]

1. Nf3 e6 2.
c4 d5 3. g3 d4 4. Bg2 c5 5. d3 Nc6 6. O-O Nf6 7. e3 Bd6 8. exd4 cxd4 9. Bg5 h6 10. Bxf6 Qxf6 11. Nbd2 Qe7 12. a3 a5 13. Rc1 O-O 14. Re1 Rd8 15. Qc2 a4 16. c5 Bc7 17. Ne4 Bd7 18. Nfd2 Na5 19. Nc4 Nb3 20. Rcd1 Bc6 21. Ncd6 Ba5 22. Re2 f5 23. Nd2 Bxg2 24. Nxb3 axb3 25. Qc4 b5 26. Qxb3 Rxd6 27. cxd6 Qb7 28. Qxe6+ Kh8 29. Rc2 Qf3 30. Rc8+ Rxc8 31. Qxc8+ Kh7 32. Rc1 Bh1 33. Kf1 Qxd3+ 34. Kg1 Qf3 35. Kf1 Qg2+ 36. Ke2 d3+ 0-1

[Site "Europe Echecs"]

[Event "Championnat d'Europe Rapide"]
[Date "2024.12.07"]
[White "Tsolakidou, Stavroula"]
[Black "Sarana, Alexey"]
[WhiteElo "2451"]
[BlackElo "2674"]
[Round "5.17"]
[Result "0-1"]
[TimeControl "900+10"]

1. e4 c5 2.
Nf3 d6 3. Bb5+ Bd7 4. Bxd7+ Qxd7 5. O-O Nc6 6. Re1 e6 7. c3 d5 8. exd5 Qxd5 9. d4 Nf6 10. Qa4 cxd4 11. Nxd4 Bc5 12. Nxc6 bxc6 13. Nd2 O-O 14. Nf3 Bb6 15. Bg5 Qb5 16. Qxb5 cxb5 17. a4 a6 18. Bxf6 gxf6 19. Re4 f5 20. Rb4 Bc5 21. Rb3 b4 22. cxb4 Rfb8 23. Ne5 Bf8 24. Nc6 Rb6 25. Rc1 Kg7 26. b5 axb5 27.
axb5 Kf6 28.
Kf1 Ra4 29.
Ke2 Rh4 30.
h3 Bh6 31.
Rc2 Re4+ 32.
Kf1 Bf8 33. Rc1 h5 34. Ra1 Rc4 35. Na7 Rc2 36. Ra6 Bc5 37. Nc6 Rxf2+ 38. Ke1 Rxg2 39. Rxb6 Bxb6 40. Nb8 Ke7 41. Rd3 Rxb2 0-1

[Site "Europe Echecs"]

[Event "Championnat d'Europe Rapide"]
[Date "2024.12.07"]
[White "Domingo Nunez, Ruben"]
[Black "Mamedov, Rauf"]
[WhiteElo "2409"]
[BlackElo "2656"]
[Round "5.18"]
[Result "1/2-1/2"]
[TimeControl "900+10"]

1. e4 c5 2. d4 cxd4 3. c3 Nf6 4. e5 Nd5 5. Nf3 d6 6. Qxd4 e6 7. Nbd2 Nc6 8. Bb5 Bd7 9. Bxc6 Bxc6 10. Nc4 dxe5 11. Ncxe5 h6 12. O-O Qb6 13. Nxc6 bxc6 14. Qa4 Be7 15. c4 Nf6 16. b4 O-O 17. Rb1 Qc7 18. Bb2 Nd7 19. b5 a6 20. bxc6 Nc5 21. Qc2 Qxc6 22. Ne5 Qc7 23. Ng4 h5 24. Ne5 Rfd8 25. Qe2 Bf6 26. Qxh5 Ne4 27. Nf3 Qxc4 28. Bxf6 Nxf6 29. Qxf7+ Kxf7 30. Ne5+ Kg8 31. Nxc4 Rac8 32. Rfc1 Nd5 33. g3 Rc5 34. Ne3 Rxc1+ 35. Rxc1 Nxe3 36. fxe3 Rd2 37. Rc6 Rxa2 38. Rxe6 1/2-1/2

[Site "Europe Echecs"]

[Event "Championnat d'Europe Rapide"]
[Date "2024.12.07"]
[White "Bulmaga, Irina"]
[Black "Fressinet, Laurent"]
[WhiteElo "2386"]
[BlackElo "2588"]
[Round "5.19"]
[Result "1/2-1/2"]
[TimeControl "900+10"]

1. e4 e5 2.
Nf3 Nc6 3. d4 exd4 4. Nxd4 Qf6 5. Be3 Bc5 6. c3 Nge7 7. Bc4 O-O 8. O-O b6 9. Qd2 Qg6 10. Nxc6 Qxc6 11. Bxc5 Qxc5 12. Na3 d6 13. b4 Qc6 14. Rfe1 Be6 15. Bb5 Qb7 16. Nc2 c6 17. Bd3 Rad8 18. Nd4 Bc8 19. a4 Qc7 20. a5 Bd7 21. Qg5 Ng6 22. Nf5 d5 23. axb6 axb6 24.
Ne7+ Nxe7 25. Qxe7 Rfe8 26. Qh4 Qe5 27. Rac1 g6 28. f4 Qd6 29. e5 Qe7 30. Qf2 c5 31. f5 gxf5 32. Re3 Kh8 33. Rce1 Rg8 34. Bxf5 Bxf5 35. Qxf5 Rg5 36. Qf4 Rdg8 37. R1e2 Qe6 38. Rf3 R8g7 39. h3 h6 40. Qf6 R5g6 41. Qd8+ Kh7 42. Qh4 Qc6 43. bxc5 bxc5 44. Kh2 Qe6 45. Qf4 Rg5 46. Qe3 Qg6 47. g3 Qc6 48. Rf6 Qd7 49. Qd3+ Kg8 50. e6 fxe6 51. Rexe6 Rxg3 52. Qxg3 Rxg3 53. Kxg3 Qc7+ 54. Kf3 Qa5 55. Rg6+ Kf7 56. Rgf6+ Kg7 1/2-1/2

[Site "Europe Echecs"]

[Event "Championnat d'Europe Rapide"]
[Date "2024.12.07"]
[White "Hamitevici, Vladimir"]
[Black "Pichot, Alan"]
[WhiteElo "2423"]
[BlackElo "2637"]
[Round "5.20"]
[Result "1/2-1/2"]
[TimeControl "900+10"]

1. Nf3 Nf6 2. e3 g6 3.
b3 Bg7 4.
Bb2 O-O 5.
Be2 d6 6. d4 e5 7. dxe5 Nfd7 8. O-O dxe5 9. e4 Nc6 10. Bb5 Re8 11. Bxc6 bxc6 12. Qd3 Qe7 13. Ba3 Qe6 14. h3 a5 15. Rd1 h6 16. Nc3 f5 17. Na4 f4 18. Nd2 g5 19. Qc4 Nb6 20.
Qxe6+ Bxe6 21. Nb2 h5 22. f3 Rad8 23. Nd3 Bc8 24. Kf2 Ba6 25. Nb2 Rd7 26. Ndc4 Red8 27. Rxd7 Rxd7 28. Ke1 g4 29. hxg4 hxg4 30. Rd1 Rxd1+ 31. Kxd1 g3 32. Bc5 a4 33. Ke1 axb3 34. cxb3 Nd7 35. Bb4 Kf7 36. Nd3 Ke6 37. Nc5+ Nxc5 38. Bxc5 Bf6 39. Kd2 Kd7 40. Kc3 Kc8 41. Kb4 Kb7 42. Ka5 Bg7 43. Bb4 Bf6 44. Bc3 Bg7 45. Ka4 Bb5+ 46. Ka3 Kc8 47. Kb2 Kd7 48. Nxe5+ Bxe5 49. Bxe5 Bf1 50. Bxf4 Bxg2 51. Bxg3 Bxf3 52. e5 c5 53. Kc3 Bd5 54. Bh4 Ke6 55. Bf6 Kd7 56. Bh4 Ke6 57. Bg3 Kd7 58. a4 Kc6 59. Bh4 Be6 60. Be7 Kb6 61. Bd8 Bd5 62. b4 cxb4+ 63. Kxb4 Kb7 64. Kc5 c6 65. Kd6 Ka8 66. e6 Bxe6 67. Kxe6 c5 1/2-1/2

[Site "Europe Echecs"]

[Event "Championnat d'Europe Rapide"]
[Date "2024.12.07"]
[White "Kuzubov, Yuriy"]
[Black "Narva, Mai"]
[WhiteElo "2595"]
[BlackElo "2413"]
[Round "5.21"]
[Result "1-0"]
[TimeControl "900+10"]

1. d4 Nf6 2.
Nf3 g6 3.
Nbd2 Bg7 4.
e4 d6 5.
Bb5+ c6 6.
Be2 O-O 7.
O-O Bg4 8.
Re1 Nbd7 9.
c3 e5 10.
dxe5 dxe5 11. Qc2 Qc7 12. h3 Bxf3 13. Nxf3 Nc5 14. Bf1 a5 15. a4 Rad8 16. Bc4 Qd6 17. Bg5 h6 18. Bh4 g5 19. Bg3 Nh5 20. Rad1 Qe7 21. Nh2 Ne6 22. Nf1 Nhf4 23. Ne3 Rxd1 24. Rxd1 Rd8 25. Nf5 Qc7 26. Bxe6 fxe6 27. Ne3 Bf8 28. h4 Kg7 29. hxg5 hxg5 30. Ng4 Rxd1+ 31. Qxd1 Bc5 32. Kf1 b6 33. Bxf4 gxf4 34. Ke2 Be7 35. Qb3 Kf7 36. Nh2 Qb7 37. Nf3 Bf6 38. Qc4 Qd7 39. Qd3 Qb7 40. b4 axb4 41. cxb4 Qa7 42. Qb3 Qa6+ 43. b5 cxb5 44. Qxb5 Qxb5+ 45. axb5 Ke8 46. Nd2 Bd8 47. Nc4 Bc7 48. Kf3 Kf7 49. Kg4 Kg6 50. g3 fxg3 51. fxg3 Kh6 52. Nd2 Kg6 53. Kh3 Bd8 54. g4 Kg5 55. Kg3 Kg6 56. Nf3 Bf6 57. Kf2 Kh6 58. Ke2 Kg6 59. Kd3 Kh6 60. g5+ Bxg5 61. Nxe5 Bh4 62. Nd7 Bf2 63. Nf8 e5 64. Kc4 Kg5 65. Kd5 Kf6 66. Nd7+ Ke7 67. Nxe5 Bg1 68. Nc4 Kd7 69. e5 Bc5 70. Nd6 Kc7 71. Ke6 Bd4 72. Nc4 Bc3 73. Kf7 Bxe5 74. Nxe5 Kd6 75. Nc6 1-0

[Site "Europe Echecs"]